 Dungeon Crawl Stone Soup version 0.28-a0-1365-g7e0445c96d (webtiles) character file.

Game seed: 4449280354070740083

1166 ChaosChampion the Chopper (level 8, -9/71 HPs)
             Began as a Hill Orc Fighter on Dec 31, 2021.
             Mangled by an ogre (18 damage)
             ... on level 5 of the Dungeon.
             The game lasted 00:07:58 (5212 turns).

ChaosChampion the Chopper (Hill Orc Fighter)        Turns: 5212, Time: 00:07:59

Health: -9/71      AC: 14    Str: 21    XL:     8   Next: 40%
Magic:  8/8        EV:  9    Int: 10    God:
Gold:   155        SH:  5    Dex: 10    Spells: 7/7 levels left

rFire   . . .      SeeInvis .   a - +0 war axe
rCold   . . .      Faith    .   c - +0 buckler
rNeg    + . .      Spirit   .   b - +0 scale mail
rPois   +          Reflect  .   (no helmet)
rElec   .          Harm     .   e - +0 cloak
rCorr   .          Rampage  .   l - +0 pair of gloves
Will    +++..      Clarity  +   (no boots)
Stlth   ..........              u - amulet of the Four Winds {rN+ Will+++ Clar}
HPRegen 0.21/turn               d - +4 ring of protection
MPRegen 0.11/turn               (no ring)

@: no status effects
A: clever 1, poison resistance, screaming 1
a: no special abilities


You were on level 5 of the Dungeon.
You visited 1 branch of the dungeon, and saw 5 of its levels.
You also visited: Ossuary.

You collected 175 gold pieces.
You spent 20 gold pieces at shops.

Inventory:

Hand Weapons
 a - a +0 war axe (weapon)
 r - a +1 flail of holy wrath
Missiles
 f - a throwing net
 k - 38 poisoned darts (quivered)
Armour
 b - a +0 scale mail (worn)
 c - a +0 buckler (worn)
 e - a +0 cloak (worn)
 l - a +0 pair of gloves (worn)
Jewellery
 d - a +4 ring of protection (left hand)
 u - the amulet of the Four Winds (around neck) {rN+ Will+++ Clar}
   (You found it on level 4 of the Dungeon)

   [amulet of nothing]

   rN:        It protects you from negative energy.
   Clar:      It protects you against confusion.
   Will:      It greatly increases your willpower.
Scrolls
 h - 2 scrolls of immolation {unknown}
 j - a scroll of fog {unknown}
 n - a scroll of summoning {unknown}
 s - a scroll of holy word {unknown}
Potions
 g - a potion of flight {unknown}
 i - a potion of invisibility {unknown}
 m - 2 potions of magic {unknown}
 p - 2 potions of degeneration {unknown}
 q - 2 potions of heal wounds {unknown}
 t - a potion of attraction {unknown}


   Skills:
 + Level 6.8 Fighting
 + Level 6.9 Axes
 + Level 6.2 Armour
 + Level 6.2 Shields


You had 7 spell levels left.
You didn't know any spells.
Your spell library contained the following spells:

 Spells                   Type           Power      Damage    Failure   Level
 Beastly Appendage        Tmut           0%         N/A       67%         1
 Wereblood                Tmut           0%         N/A       82%         2
 Confusing Touch          Hex            0%         N/A       96%         3
 Spider Form              Tmut/Pois      0%         N/A       96%         3
 Yara's Violent Unravell  Hex/Tmut       0%         3d3       100%        5
 Enfeeble                 Hex            0%         N/A       100%        7


Dungeon Overview and Level Annotations

Branches:
Dungeon (5/15)            Ossuary (visited)
 Temple: D:4-7

Altars:
Vehumet
Wu Jian
Xom

Shops:
D:2 :=[?

Annotations:
D:4 2 transporters


Innate Abilities, Weirdness & Mutations

Your mind is acute. (Int +2)
Your system is resistant to poisons. (rPois)
You occasionally shout uncontrollably at your foes.


Message History

The ogre hits you with a +0 giant club!!
You hit the ogre.
The ogre is heavily wounded.
The ogre hits you with a +0 giant club!
You barely miss the ogre.
The ogre is heavily wounded.
You block the ogre's attack.
You hit the ogre but do no damage.
The ogre is heavily wounded.
You slash the ogre!
The ogre is severely wounded.
The ogre hits you with a +0 giant club!!
* * * LOW HITPOINT WARNING * * *
You are too injured to fight recklessly!
You are too injured to fight recklessly!
You are too injured to fight recklessly!
You are too injured to fight recklessly!
You are too injured to fight recklessly!
You are too injured to fight recklessly!
You are too injured to fight recklessly!
You are too injured to fight recklessly!
You are too injured to fight recklessly!
You are too injured to fight recklessly!
You are too injured to fight recklessly!
You are too injured to fight recklessly!
You are too injured to fight recklessly!
The ogre hits you with a +0 giant club!
* * * LOW HITPOINT WARNING * * *
There is a stone staircase leading up here.
You hit the ogre.
The ogre is almost dead.
The ogre hits you with a +0 giant club!
* * * LOW HITPOINT WARNING * * *
You barely miss the ogre.
The ogre is almost dead.
The ogre hits you but does no damage.
You closely miss the ogre.
The ogre is almost dead.
The ogre hits you with a +0 giant club!!
You die...

.............#
............## ####
...........## #..#
<[........## #..##
.......#### ##...##
##.....### #.....##
####....### #......#
#####....####......##
#.....##...##O@.....#
........####..........##
........# ###.........#
........# ##........#
........# ##.......#
........# #.......##
........# ##>.(....#
........# ##.....##
#######


You could see an ogre.

Vanquished Creatures
  Sigmund (D:3)
  A phantom (D:2)
  A scorpion (D:5)
  2 water moccasin zombies (Ossuary)
  3 crimson imps (D:3)
  2 centaur zombies (Ossuary)
  2 bullfrog zombies (Ossuary)
  A gnoll shaman (D:3)
  Natasha (thrice) (D:3)
  Terence (D:3)
  A hound skeleton (D:4)
  10 mummies
  Robin (D:2)
  A howler monkey zombie (Ossuary)
  4 gnolls (D:3)
  7 adders
  3 dart slugs
  6 orcs
  8 ball pythons
  3 endoplasms
  A giant cockroach (D:2)
  14 goblins
  4 hobgoblins
  2 quokkas
  A bat (D:3)
  A frilled lizard (D:2)
  5 kobolds
  3 rats
92 creatures vanquished.

Vanquished Creatures (others)
  8 withered plants (Ossuary)
8 creatures vanquished.

Grand Total: 100 creatures vanquished

Notes
Turn   | Place    | Note
-------+----------+-------------------------------------------
     0 | D:1      | ChaosChampion the Hill Orc Fighter began the quest for the
                  | Orb.
     0 | D:1      | Reached XP level 1. HP: 19/19 MP: 1/1
   247 | D:1      | Reached XP level 2. HP: 27/27 MP: 2/2
   730 | D:2      | Found Itier's Armour Emporium.
   748 | D:2      | Noticed a phantom
   755 | D:2      | Reached XP level 3. HP: 18/33 MP: 3/3
   756 | D:2      | Found Ixusium's Magic Scroll Shoppe.
  1290 | D:2      | Found Bacluzop's Book Shop.
  1325 | D:2      | Found Cauq's Jewellery Shoppe.
  1402 | D:2      | Bought a scroll of identify for 20 gold pieces
  1420 | D:2      | Killed a phantom
  1421 | D:2      | Reached XP level 4. HP: 16/41 MP: 4/4
  1618 | D:2      | Noticed Robin
  1894 | D:2      | Killed Robin
  1895 | D:2      | Reached XP level 5. HP: 35/47 MP: 5/5
  2396 | D:3      | Noticed Terence
  2416 | D:3      | Killed Terence
  2842 | D:3      | Noticed Natasha
  2850 | D:3      | Killed Natasha
  2867 | D:3      | Noticed Natasha
  2880 | D:3      | Killed Natasha
  2881 | D:3      | Reached skill level 5 in Fighting
  2881 | D:3      | Reached XP level 6. HP: 19/56 MP: 6/6
  2892 | D:3      | Noticed Natasha
  2899 | D:3      | Killed Natasha
  3143 | D:3      | Noticed Sigmund
  3501 | D:3      | Killed Sigmund
  3502 | D:3      | Reached skill level 5 in Axes
  3502 | D:3      | Reached skill level 5 in Armour
  3502 | D:3      | Reached skill level 5 in Shields
  3502 | D:3      | Reached XP level 7. HP: 41/61 MP: 7/7
  3639 | D:3      | Found a shimmering altar of Xom.
  4064 | D:4      | Found the amulet of the Four Winds {rN+ Will+++ Clar}
  4087 | D:4      | Found a transporter.
  4181 | D:4      | Found a sand-covered staircase.
  4196 | Ossuary  | Entered an ossuary
  4310 | Ossuary  | Reached XP level 8. HP: 38/71 MP: 8/8
  4355 | Ossuary  | Gained mutation: Your spells are a little easier to cast,
                  | but a little less powerful. [potion of mutation]
  4355 | Ossuary  | Gained mutation: Your mind is acute. (Int +2) [potion of
                  | mutation]
  4356 | Ossuary  | Lost mutation: Your spells are a little easier to cast, but
                  | a little less powerful. [potion of mutation]
  4356 | Ossuary  | Gained mutation: You occasionally shout uncontrollably at
                  | your foes. [potion of mutation]
  4356 | Ossuary  | Gained mutation: Your system is resistant to poisons.
                  | (rPois) [potion of mutation]
  4389 | Ossuary  | HP: 1/71 [bog mummy (13)]
  4743 | D:4      | Found a radiant altar of Vehumet.
  4804 | D:4      | Found an ornate altar of the Wu Jian Council.
  5006 | D:4      | Found a transporter.
  5133 | D:5      | Entered Level 5 of the Dungeon
  5212 | D:5      | Mangled by an ogre

Illustrated notes

Levels and vault maps discovered:
D:1:      heliophobic_arrival_henge, layout_basic,
          minmay_misc_feat_secret_circle
D:2:      layout_rooms, serial_shops, nicolae_shop_hallway_stairs,
          nicolae_shop_trees, nicolae_shop_advertising_works
          [nicolae_subvault_shop_adworks], nicolae_shop_hallway_stairs,
          uniq_robin
D:3:      layout_loops_ring, nemelex_dance_club_becter,
          lemuel_coloured_pillars_altar, mainiacjoe_overflow_six_doors_small,
          led_xom_imps, hellmonk_ecumenical_altar_arch_garden, uniq_sigmund,
          uniq_terence, uniq_natasha
D:4:      gammafunk_cloud_chamber, layout_rooms, mainiacjoe_overflow_catwalk,
          mainiacjoe_overflow_tiny_flanked, gup_ossuary_entry_pyramid
D:5:      layout_cave_pods, nzn_random_ring

Skill      XL: |  1  2  3  4  5  6  7  8 |
---------------+-------------------------+-----
Axes           | 3 4 5 6 |  6.9
Fighting       | 4 5 6 |  6.8
Armour         | 4 5 6 |  6.2
Shields        | 4 5 6 |  6.2

Action                   |  1- 3 |  4- 6 |  7- 9 || total
-------------------------+-------+-------+-------++-------
Melee: War axe           |    66 |   115 |   173 ||   354
  Use: Scroll            |     1 |       |     2 ||     3
       Potion            |       |     2 |     3 ||     5
Armor: Scale mail        |    36 |    38 |    67 ||   141
Dodge: Dodged            |    26 |    51 |    60 ||   137
Block: Buckler           |    16 |    25 |    35 ||    76

Table legend: (Time is in decaauts)
 A = Elapsed time spent in this place.
 B = Non-inter-level travel time spent in this place.
 C = Inter-level travel time spent in this place.
 D = Time resting spent in this place.
 E = Time spent auto-exploring this place.
 F = Levels seen in this place.
 G = Mean time per level.
                   A        B        C        D        E       F      G
               +--------+--------+--------+--------+--------+-----+--------+
         Total |   5327 |   5257 |     70 |   2030 |   2042 |   6 |  887.8 |
       Dungeon |   5084 |   5014 |     70 |   1981 |   1998 |   5 | 1016.8 |
       Ossuary |    242 |    242 |      0 |     49 |     44 |   1 |  242.0 |
               +--------+--------+--------+--------+--------+-----+--------+

Top non-repeatable levels by time:
     D:2: 1456 daAuts
     D:1: 1294 daAuts
     D:3: 1200 daAuts
     D:4: 1052 daAuts
 Ossuary: 242 daAuts
     D:5: 81 daAuts
